 Dungeon Crawl Stone Soup version 0.31-a0-654-gbe3e110b4e (webtiles) character file.

Game seed: 13615964677940452712

18020 heikuro the Cleaver (level 12, 0/97 HPs)
             Began as a Formicid Fighter on Aug 29, 2023.
             Was an Initiate of Gozag.
             Succumbed to a black mamba's poison
             ... on level 2 of the Lair of Beasts on Aug 30, 2023.
             The game lasted 00:30:50 (16333 turns).

heikuro the Cleaver (Formicid Fighter)             Turns: 16333, Time: 00:30:51

Health: 0/97       AC: 21    Str: 26    XL:     12   Next: 89%
Magic:  12/12      EV:  8    Int:  8    God:    Gozag
Gold:   750        SH:  7    Dex: 16    Spells: 11/11 levels left

rFire   + . .        a - +1 war axe (heavy)
rCold   . . .        c - +0 buckler
rNeg    + . .        L - +2 plate armour {rF+}
rPois   .            (helmet unavailable)
rElec   .            E - +0 cloak
rCorr   +            O - +2 pair of gloves {Dex+3}
SInv    +            (no boots)
Will    +....        (no amulet) Stlth
                     k - ring of resist corrosion
HPRegen 0.36/turn    A - ring of positive energy
MPRegen 0.13/turn

%: no passive effects
@: lethally poisoned (0 -> -36)
A: permanent stasis, dig shafts and tunnels, antennae 3, four strong arms
a: Dig, Shaft Self, Renounce Religion, Potion Petition, Call Merchant, Bribe
Branch


You were on level 2 of the Lair of Beasts.
You worshipped Gozag.
Gozag was pleased with you.
You visited 3 branches of the dungeon, and saw 14 of its levels.

You collected 2215 gold pieces.
You spent 277 gold pieces at shops.
You paid 1188 gold pieces to Gozag.

Inventory:

Hand Weapons
 a - a +1 heavy war axe (weapon)
 b - a +2 dagger of venom
Missiles
 J - 12 poisoned darts (quivered)
 M - 4 throwing nets
Armour
 c - a +0 buckler (worn)
 E - a +0 cloak (worn)
 G - a +2 chain mail of cold resistance
 L - a +2 plate armour of fire resistance (worn)
 O - a +2 pair of gloves of dexterity (worn)
Jewellery
 k - a ring of resist corrosion (left hand)
 A - a ring of positive energy (right hand)
Wands
 u - a wand of quicksilver (10)
 B - a wand of mindburst (18)
 D - a wand of flame (21)
 H - a wand of paralysis (6)
 N - a wand of roots (5)
 Q - a wand of polymorph (5)
 T - a wand of digging (10)
Scrolls
 h - 2 scrolls of blinking {unknown}
 j - 2 scrolls of identify
 l - 3 scrolls of brand weapon {unknown}
 m - 2 scrolls of fear {unknown}
 o - 3 scrolls of revelation {unknown}
 p - a scroll of torment {unknown}
 q - a scroll of noise {unknown}
 r - 2 scrolls of immolation {unknown}
 t - a scroll of enchant weapon {unknown}
 x - a scroll of enchant armour {unknown}
 y - 2 scrolls of poison {unknown}
 z - 2 scrolls of teleportation {unknown}
 C - 4 scrolls of fog {unknown}
 F - 3 scrolls of vulnerability {unknown}
 K - a scroll of amnesia {unknown}
Potions
 d - 6 potions of might
 f - 2 potions of enlightenment
 g - 2 potions of curing
 i - a potion of attraction
 n - 3 potions of mutation
 s - 4 potions of brilliance
 v - a potion of lignification
 w - a potion of ambrosia
 I - 3 potions of invisibility
 P - a potion of heal wounds
 R - a potion of resistance


   Skills:
 + Level 10.0 Fighting
 * Level 12.3 Axes
 + Level 10.0 Armour
 - Level 1.0 Dodging
 + Level 11.5 Shields
 + Level 7.9 Evocations


You had 11 spell levels left.
You didn't know any spells.
Your spell library contained the following spells:

 Spells                   Type           Power      Damage    Failure   Level
 Slow                     Hex            0%         N/A       99%         1
 Static Discharge         Conj/Air       0%         2-2/arc   100%        2
 Confusing Touch          Hex            0%         N/A       100%        3
 Dazzling Flash           Conj/Hex       0%         N/A       100%        3
 Inner Flame              Hex/Fire       0%         N/A       100%        3
 Ozocubu's Armour         Ice            0%         N/A       100%        3
 Vampiric Draining        Necr           0%         2d6       100%        3
 Volatile Blastmotes      Fire/Tloc      0%         2d10      100%        3
 Airstrike                Air            0%         2d(0-16)  100%        4
 Cause Fear               Hex            0%         N/A       100%        4
 Summon Lightning Spire   Summ/Air       0%         N/A       100%        4
 Fireball                 Conj/Fire      0%         3d3       100%        5
 Metabolic Englaciation   Hex/Ice        0%         N/A       100%        5
 Yara's Violent Unravell  Hex/Tmut       0%         3d3       100%        5
 Starburst                Conj/Fire      0%         6d3       100%        6
 Enfeeble                 Hex            0%         N/A       100%        7
 Maxwell's Capacitive Co  Air            0%         ∞         100%        8
 Dragon's Call            Summ           0%         N/A       100%        9
 Simulacrum               Ice/Necr       Unusable   N/A       N/A         6

Dungeon Overview and Level Annotations

Branches:
Dungeon (11/15)            Temple (1/1) D:7            Lair (2/5) D:9
    Orc (0/2) D:10
  Swamp: Lair:2-3    Shoals: Lair:2-3     Snake: Lair:2-3    Spider: Lair:2-3

Altars:
Ashenzari
Cheibriados
Dithmenos
Elyvilon
Fedhas
Gozag
Hepliaklqana
Kikubaaqudgha
Makhleb
Nemelex Xobeh
Okawaru
Qazlal
Ru
Sif Muna
Trog
Uskayaw
Vehumet
Wu Jian
Xom
Yredelemnul
Zin
The Shining One

Shops:
D:8 (:   Lair:1 [

Annotations:
D:8 3 runed translucent doors
D:10 4 transporters


Innate Abilities, Weirdness & Mutations

You cannot be hasted, slowed, berserked, paralysed or teleported.
You can dig through walls and to a lower floor.
You have a pair of large antennae on your head. (SInv)
Your four strong arms can wield two-handed weapons with a shield.


Message History

The polar bear is almost dead.
The polar bear goes berserk!
You slash the polar bear!
You kill the polar bear!
Your Fighting skill increases to level 10!
Your Armour skill increases to level 10!
You now have 750 gold pieces (gained 15).
You hear the deafening beating of a very distant drum.
You slice the fungus!!
The fungus begins to die.
The fungus is lightly damaged.
You slash the fungus!
The fungus is lightly damaged.
A nearby fungus withers and dies.
The black mamba hisses angrily.
The black mamba bites you. You block the black mamba's attack.
You hit the black mamba.
The black mamba is lightly wounded.
You hit the plant.
The plant begins to die.
You block the black mamba's attack. x2
You miss the black mamba.
The black mamba is lightly wounded.
You slash the plant! The black mamba bites you.
* * * LOW HITPOINT WARNING * * *
You are poisoned.
The black mamba poisons you!
The black mamba bites you but does no damage.
You block the black mamba's attack.
You slash the black mamba!
The black mamba is moderately wounded.
You slice the plant!!
You feel very sick.
A nearby plant withers and dies.
The black mamba bites you but does no damage.
The black mamba bites you!
* * * LOW HITPOINT WARNING * * *
You are more poisoned.
The black mamba poisons you!
You closely miss the black mamba.
The black mamba is moderately wounded.
You die...
Your body crumbles into a pile of gold.

............ ##..###
.........#..###.....#
....................#.
.....................#
....................##
....................#
#............###..###
#............#.^.#
....##@.####..#....#
.# #S#≈≈~~.......#
...~~~~P.......#
.....≈≈~~......
.....#≈#~..##...
...........# ..
#..##.......# ...
.........


You could see a black mamba.

Vanquished Creatures
  Harold (D:10)
  A two-headed ogre (D:10)
  Nergalle (D:10)
  2 skeletal warriors
  A manticore (D:11)
  Joseph (D:8)
  6 cane toads
  Maggie (D:8)
  Psyche (D:10)
  2 komodo dragons
  2 trolls
  A hornet (D:10)
  A polar bear (Lair:2)
  Prince Ribbit (D:5)
  5 blink frogs (Lair:2)
  Sigmund (D:4)
  A vampire (D:10)
  2 wyverns
  3 wraiths
  15 yaks
  A steam dragon (D:7)
  A basilisk (Lair:1)
  7 vampire mosquitoes
  2 acid dragons
  5 water moccasins
  An ice beast (D:3)
  An orc warrior (D:10)
  3 black bears
  An ogre (D:6)
  6 wolves (Lair:1)
  5 centaurs
  A kobold brigand (D:8)
  Blork the orc (D:4)
  14 bullfrogs
  2 gnoll sergeants
  2 scorpions (D:6)
  4 wights (D:8)
  16 killer bees
  3 vampire bats (Lair:1)
  2 howler monkeys (D:9)
  2 hounds
  7 orc priests
  6 iguanas
  6 orc wizards
  Natasha (thrice) (D:4)
  12 gnolls
  7 adders
  3 white imps
  2 worms (D:3)
  A dart slug (D:5)
  34 orcs
  5 endoplasms
  8 giant cockroaches
  2 hobgoblins
  8 jackals
  5 quokkas
  3 ball pythons
  11 bats
  A frilled lizard (D:2)
  13 goblins
  13 kobolds
  6 rats
285 creatures vanquished.

Notes
Turn   | Place    | Note
-------+----------+-------------------------------------------
     0 | D:1      | heikuro the Formicid Fighter began the quest for the Orb.
     0 | D:1      | Reached XP level 1. HP: 18/18 MP: 1/1
   189 | D:1      | Reached XP level 2. HP: 10/24 MP: 2/2
   426 | D:1      | Reached XP level 3. HP: 29/29 MP: 3/3
  1175 | D:2      | Reached XP level 4. HP: 31/37 MP: 4/4
  1232 | D:2      | Reached skill level 3 in Axes
  1655 | D:3      | Found a radiant altar of Vehumet.
  1657 | D:3      | Found an ornate altar of the Wu Jian Council.
  2272 | D:3      | Noticed an ice beast
  2280 | D:3      | Killed an ice beast
  2281 | D:3      | Reached skill level 5 in Shields
  2281 | D:3      | Reached XP level 5. HP: 31/42 MP: 5/5
  2281 | D:3      | Reached XP level 6. HP: 36/48 MP: 6/6
  2412 | D:4      | Noticed Sigmund
  2420 | D:3      | Reached skill level 4 in Axes
  2555 | D:4      | Killed Sigmund
  2556 | D:4      | Reached XP level 7. HP: 10/55 MP: 7/7
  2732 | D:4      | Noticed Blork the orc
  2749 | D:4      | HP: 2/55 [centaur/arrow (9)]
  3116 | D:4      | Killed Blork the orc
  3117 | D:4      | Reached skill level 5 in Axes
  3344 | D:4      | Noticed Natasha
  3348 | D:4      | Killed Natasha
  3357 | D:4      | Reached skill level 5 in Fighting
  3357 | D:4      | Reached skill level 5 in Armour
  3461 | D:4      | Found a glowing golden altar of the Shining One.
  3465 | D:4      | Found a white marble altar of Elyvilon.
  3465 | D:4      | Found a glowing silver altar of Zin.
  3518 | D:4      | Reached XP level 8. HP: 42/62 MP: 8/8
  3622 | D:4      | Noticed Natasha
  3627 | D:4      | Killed Natasha
  3808 | D:4      | Noticed Natasha
  3818 | D:4      | Killed Natasha
  3987 | D:4      | Reached skill level 6 in Axes
  4329 | D:5      | Entered Level 5 of the Dungeon
  4595 | D:5      | Found an opulent altar of Gozag.
  4601 | D:5      | Became a worshipper of Gozag Ym Sagoz the Greedy
  4656 | D:5      | Noticed Prince Ribbit
  4674 | D:5      | Killed Prince Ribbit
  4821 | D:5      | Reached skill level 1 in Dodging
  4821 | D:5      | Reached skill level 1 in Evocations
  5393 | D:6      | Reached XP level 9. HP: 69/69 MP: 9/9
  5410 | D:6      | Found an ancient bone altar of Kikubaaqudgha.
  5824 | D:6      | Reached skill level 7 in Axes
  6586 | D:7      | Found a staircase to the Ecumenical Temple.
  6601 | Temple   | Entered the Ecumenical Temple
  6902 | D:7      | Found a broken altar of Ashenzari.
  7353 | D:7      | Found a bloodstained altar of Trog.
  7535 | D:8      | Found Ziamuole's Weapon Shop.
  7737 | D:8      | Reached skill level 8 in Axes
  7864 | D:8      | Found Omagg's Book Shoppe.
  7895 | D:8      | Noticed Joseph
  7903 | D:8      | Noticed Maggie
  7905 | D:8      | You fall into a shaft and drop 2 floors!
  7905 | D:10     | Entered Level 10 of the Dungeon
  7905 | D:10     | Found a transporter.
  8123 | D:10     | Reached XP level 10. HP: 77/77 MP: 10/10
  8134 | D:10     | Found a staircase to the Orcish Mines.
  9260 | D:10     | Reached skill level 9 in Axes
  9813 | D:9      | Reached skill level 5 in Evocations
  9940 | D:9      | Found a staircase to the Lair.
 10444 | D:8      | Found a runed translucent gate.
 10444 | D:8      | Found a runed translucent gate.
 10444 | D:8      | Found a runed translucent gate.
 10444 | D:8      | Noticed a glowing orange brain
 10445 | D:8      | Noticed a white ugly thing
 10445 | D:8      | Noticed a red ugly thing
 10446 | D:8      | Noticed a green ugly thing
 10447 | D:8      | Noticed a cyan ugly thing
 10592 | D:8      | You fall into a shaft and drop 1 floor!
 10900 | Lair:1   | Entered Level 1 of the Lair of Beasts
 11061 | D:10     | Noticed Psyche
 11075 | D:10     | Reached XP level 11. HP: 38/86 MP: 11/11
 11085 | D:10     | Killed Psyche
 11325 | D:10     | Found a stormy altar of Qazlal.
 11341 | D:10     | Noticed a two-headed ogre
 11349 | D:10     | Killed a two-headed ogre
 11350 | D:10     | Reached skill level 10 in Axes
 11420 | D:10     | Noticed Nergalle
 11468 | D:10     | You fall into a shaft and drop 1 floor!
 11923 | D:10     | Found a transporter.
 11945 | D:10     | Found a transporter.
 11974 | D:10     | Found a transporter.
 11979 | D:10     | Noticed Harold
 11984 | D:10     | Killed Harold
 12020 | D:10     | Killed Nergalle
 12021 | D:10     | Reached skill level 10 in Shields
 12213 | D:8      | Killed Maggie
 12256 | D:8      | Killed Joseph
 12323 | D:8      | Found a blossoming altar of Fedhas.
 12680 | D:11     | Noticed a skeletal warrior
 12682 | D:11     | Noticed a skeletal warrior
 12682 | D:11     | Noticed a skeletal warrior
 12705 | D:10     | Killed a skeletal warrior
 12883 | D:11     | Killed a skeletal warrior
 13125 | Lair:1   | Reached skill level 11 in Axes
 13302 | Lair:1   | Reached XP level 12. HP: 48/95 MP: 12/12
 15286 | D:11     | Reached skill level 12 in Axes
 15935 | Lair:1   | Bought a pair of embroidered gloves for 277 gold pieces
 15978 | Lair:1   | HP: 4/97 [poisoned by a cane toad]
 16295 | Lair:2   | Reached skill level 10 in Fighting
 16295 | Lair:2   | Reached skill level 10 in Armour
 16333 | Lair:2   | Succumbed to a black mamba's poison

Illustrated notes

Levels and vault maps discovered:
D:1:      heliophobic_arrival_glass_houses, layout_basic,
          hangedman_decor_diamond_cutter, dreamdust_wishing_well
D:2:      layout_rooms, serial_bayou_lake_a
D:3:      layout_basic, gammafunk_temple_overflow_pools,
          kennysheep_generic_room_15
D:4:      layout_layer_cave, dreamdust_divine_triumvirate,
          kennysheep_generic_room_8, uniq_blork_the_orc, uniq_sigmund,
          uniq_natasha
D:5:      layout_loops_ring, grunt_gozag_breadcrumbs,
          nicolae_kite_square_tiling_tiny, uniq_prince_ribbit1
D:6:      layout_basic, mainiacjoe_overflow_alcove_2, kennysheep_generic_room_5
D:7:      layout_loops_ring, kennysheep_little_box, nicolae_ashenzari_skybound,
          minmay_temple_entry_arrows, kennysheep_generic_room_7
D:8:      layout_basic, fedhas_bush_and_centaur_altar, serial_shops,
          nicolae_shop_hallway_stairs, shop,
          ploomutoo_gammafunk_ghost_potion_laboratory, uniq_joseph, uniq_maggie
D:9:      layout_layer_cave, david_lair_generic
D:10:     layout_big_octagon, mainiacjoe_overflow_alcove_4, david_orc_3,
          amcnicky_mini_pool_small, nicolae_transporter_intersection,
          uniq_harold, uniq_nergalle, uniq_psyche
D:11:     layout_stronghold
Temple:   nicolae_temple_ecumenical_triangle
Lair:1:   layout_hall_layers, roderic_batcave, st_stairs_12
Lair:2:   layout_gridlike, minmay_swamp_entry_worms, dummy_spider_entry,
          gauntlet_entry_generic, nicolae_lair_run_with_the_wolves,
          lemuel_fruit_fields

Skill      XL: |  1  2  3  4  5  6  7  8  9 10 11 12 |
---------------+-------------------------------------+-----
Axes           | 3 4 5 6 8 9 11 12 | 12.3
Fighting       | 4 5 6 7 9 10 | 10.0
Armour         | 4 5 6 7 9 10 | 10.0
Shields        | 5 6 7 8 9 10 11 | 11.5
Dodging        | 1 |  1.0
Evocations     | 1 3 5 6 7 |  7.9

Action                     |  1- 3 |  4- 6 |  7- 9 | 10-12 || total
---------------------------+-------+-------+-------+-------++-------
  Melee: War axe           |    58 |    78 |   335 |   429 ||   900
         Dagger            |     6 |    25 |    16 |   117 ||   164
  Throw: Dart              |       |       |       |     3 ||     3
 Invoke: Potion Petition   |       |       |       |     1 ||     1
         Call Merchant     |       |       |       |     1 ||     1
Ability: Shaft Self        |       |       |     1 |     2 ||     3
         Dig               |       |       |       |     3 ||     3
  Evoke: Wand              |       |       |       |     9 ||     9
    Use: Potion            |       |       |     1 |     1 ||     2
         Scroll            |       |       |     8 |     5 ||    13
   Stab: Confused          |       |       |     1 |       ||     1
         Distracted        |       |       |       |     2 ||     2
         Paralysed         |       |       |       |     3 ||     3
 Armour: Scale mail        |    39 |    59 |    34 |       ||   132
         Ring mail         |       |       |    84 |       ||    84
         Chain mail        |       |       |    29 |    51 ||    80
         Plate armour      |       |       |       |   480 ||   480
  Dodge: Dodged            |    55 |    49 |   189 |   325 ||   618
  Block: Buckler           |    25 |    25 |   121 |   281 ||   452

Table legend: (Time is in decaauts)
 A = Elapsed time spent in this place.
 B = Non-inter-level travel time spent in this place.
 C = Inter-level travel time spent in this place.
 D = Time resting spent in this place.
 E = Time spent auto-exploring this place.
 F = Levels seen in this place.
 G = Mean time per level.
                   A        B        C        D        E       F      G
               +--------+--------+--------+--------+--------+-----+--------+
         Total |  16580 |  15583 |    997 |   3379 |   8400 |  14 | 1184.3 |
       Dungeon |  14557 |  13674 |    883 |   2791 |   7623 |  11 | 1323.4 |
        Temple |      1 |      1 |      0 |      0 |      0 |   1 |    1.0 |
          Lair |   2020 |   1906 |    114 |    588 |    777 |   2 | 1010.0 |
               +--------+--------+--------+--------+--------+-----+--------+

Top non-repeatable levels by time:
    D:10: 2366 daAuts
  Lair:1: 1904 daAuts
    D:11: 1831 daAuts
     D:9: 1557 daAuts
     D:4: 1488 daAuts
     D:3: 1434 daAuts
     D:6: 1309 daAuts
     D:8: 1216 daAuts
     D:7: 995 daAuts
     D:1: 893 daAuts
     D:5: 850 daAuts
     D:2: 612 daAuts
  Lair:2: 116 daAuts
  Temple: 1 daAuts
